 Dungeon Crawl Stone Soup version 0.31-a0-977-gc230f8ef24 (webtiles) character file.

Game seed: 16506284637213598352

64 skwerlee the Ruffian (level 4, 0/19 HPs)
             Began as a Djinni Shapeshifter on Oct 29, 2023.
             Slain by Natasha (5 damage)
             ... on level 3 of the Dungeon.
             The game lasted 00:03:14 (1884 turns).

skwerlee the Ruffian (Djinni Shapeshifter)          Turns: 1884, Time: 00:03:14

Health: 0/19       AC:  2    Str: 15    XL:     4   Next: 32%
Gold:   36         EV: 12    Int: 12    God:
                   SH:  0    Dex: 12

rFire   + +          .
                       - Unarmed
rCold   x . .        (shield currently unavailable)
rNeg    . . .        a - +0 animal skin
rPois   ∞            (no helmet)
rElec   .            (no cloak)
rCorr   .            (no gloves)
SInv    .            (boots unavailable)
Will    .....        (no amulet)
Stlth   +            (no ring)
HPRegen 0.23/turn    (no ring)
MPRegen 0.00/turn

%: infuse magic (-1 HP)
@: flux-form, flying, glowing
A: glow, contaminating, flying, reduced hp, sickness immunity, fire resistance
2, cold vulnerability 1, float, innate caster, HP casting, extra vitality 1
a: Begin Untransformation


You were on level 3 of the Dungeon.
You were something dangerously unstable.
You visited 1 branch of the dungeon, and saw 3 of its levels.

You collected 36 gold pieces.

Inventory:

Armour
 a - a +0 animal skin (worn)
Jewellery
 l - a ring of protection from fire
Talismans
 c - a beast talisman
 d - a flux talisman (active)
Scrolls
 i - 3 scrolls of identify {unknown}
 j - a scroll of amnesia {unknown}
 n - a scroll of poison {unknown}
 o - a scroll of teleportation {unknown}
Potions
 b - a potion of lignification
 e - 5 potions of curing {unknown}
 f - a potion of heal wounds {unknown}
 g - a potion of invisibility {unknown}
 h - a potion of magic {unknown}
 k - a potion of enlightenment {unknown}
 m - a potion of attraction {unknown}


   Skills:
 + Level 1.1 Fighting
 + Level 2.6 Dodging
 + Level 0.1 Stealth
 + Level 4.0 Unarmed Combat
 + Level 3.2 Shapeshifting


You knew the following spells:

 Your Spells              Type           Power      Damage    Failure   Level
a - Summon Small Mammal   Summ           0%         N/A       32%         1
Your spell library was empty.

Dungeon Overview and Level Annotations

Branches:
Dungeon (3/15)

Altars:

Annotations:
D:3 Natasha


Innate Abilities, Weirdness & Mutations

You are something dangerously unstable.
You glow with magical radiation, making you easy to see and hit.
Foes you strike become dangerously contaminated with magical radiation.
You are flying.
Your maximum health is decreased, since you lack skill for your form.
You are incapable of wielding weapons or throwing items.
You are immune to sickness and miasma.
You are immune to poison.
Your flesh is very heat resistant. (rF++)
You are vulnerable to cold. (rC-)
You float through the air rather than walking.
You learn spells naturally, not from books.
Your magical power is your life essence.
You have superior vitality. (+4 MHP)


Message History

A giant cockroach is nearby!
You hit the giant cockroach but do no damage.
The giant cockroach begins to glow.
The giant cockroach misses you.
A giant cockroach is nearby!
You hit the giant cockroach but do no damage.
The giant cockroach glows dangerously bright.
The giant cockroach misses you.
A giant cockroach is nearby!
You hit the giant cockroach.
The giant cockroach shudders as magic cascades through it!
You kill the giant cockroach!
i - 3 scrolls labelled FOEGERPH HUPSAEX (gained 1)
Found Ozocubu's Autobiography.
No target in view!
You see here Ozocubu's Autobiography.
Natasha, Servant of Life and Death comes into view.
Natasha hisses angrily.
Natasha stares at you and mumbles some strange words.
The magic dart hits you.
Natasha is nearby!
Natasha claws you!
Natasha is nearby!
You are too injured to fight recklessly!
Natasha is nearby!
You are too injured to fight recklessly!
Natasha is nearby!
You are too injured to fight recklessly!
Natasha is nearby!
You are too injured to fight recklessly!
Natasha is nearby!
You hit Natasha.
Natasha begins to glow.
Natasha is lightly wounded.
Natasha casts a spell at you. The magic dart hits you.
* * * LOW HITPOINT WARNING * * *
You hit Natasha.
Natasha glows dangerously bright.
Natasha is moderately wounded.
Natasha claws you.
You die...
Natasha curls up and begins to purr.

######.#.#######.#
#.#.#.......#
######.#.#.#####.#
.................#
.#####.#.#.###.#.#
#.#.#...# ..#
#.#.#.#.###.#
#(.........h#
###<###.###p#
#.#.....#.#
#.#.#####.###.#
#.:.........#
#######.##### #...
#####


You could see Natasha (heavy contam).

Vanquished Creatures
  An adder (D:2)
  2 worms (D:2)
  2 dart slugs (D:1)
  5 endoplasms
  A giant cockroach (D:3)
  4 goblins
  3 hobgoblins (D:1)
  3 jackals (D:1)
  A kobold (D:2)
  2 quokkas (D:2)
  7 ball pythons
  2 bats
  4 frilled lizards
  6 rats
43 creatures vanquished.

Notes
Turn   | Place    | Note
-------+----------+-------------------------------------------
     0 | D:1      | skwerlee the Djinni Shapeshifter began the quest for the
                  | Orb.
     0 | D:1      | Reached XP level 1. HP: 17/17 MP: 0/0
    70 | D:1      | Reached XP level 2. HP: 21/22 MP: 0/0
   201 | D:1      | Reached XP level 3. HP: 4/27 MP: 0/0
   201 | D:1      | Learned a level 1 spell: Summon Small Mammal
  1140 | D:2      | Reached XP level 4. HP: 5/32 MP: 0/0
  1420 | D:2      | Reached skill level 4 in Unarmed Combat
  1880 | D:3      | Noticed Natasha
  1884 | D:3      | Slain by Natasha

Illustrated notes

Levels and vault maps discovered:
D:1:      amcnicky_arrival_flooded_fountain, layout_basic
D:2:      layout_basic
D:3:      kennysheep_six_static_rooms, layout_basic, uniq_grinder, uniq_natasha

Skill      XL: |  1  2  3  4 |
---------------+-------------+-----
Shapeshifting  | 3 |  3.2
Unarmed Combat | 4 |  4.0
Fighting       | |  1.1
Dodging        | |  2.6
Stealth        | |  0.1

Action                     |  1- 3 |  4- 6 || total
---------------------------+-------+-------++-------
  Melee: Unarmed           |    96 |    23 ||   119
         Punch             |     4 |       ||     4
 Armour: Animal skin       |    53 |    11 ||    64
  Dodge: Dodged            |    57 |    10 ||    67
   Form: Flux              |     1 |       ||     1

Table legend: (Time is in decaauts)
 A = Elapsed time spent in this place.
 B = Non-inter-level travel time spent in this place.
 C = Inter-level travel time spent in this place.
 D = Time resting spent in this place.
 E = Time spent auto-exploring this place.
 F = Levels seen in this place.
 G = Mean time per level.
                   A        B        C        D        E       F      G
               +--------+--------+--------+--------+--------+-----+--------+
         Total |   1876 |   1768 |    108 |    287 |   1203 |   3 |  625.3 |
       Dungeon |   1876 |   1768 |    108 |    287 |   1203 |   3 |  625.3 |
               +--------+--------+--------+--------+--------+-----+--------+

Top non-repeatable levels by time:
     D:2: 1023 daAuts
     D:1: 730 daAuts
     D:3: 122 daAuts
